| TOP OF THE 1ST |
|
University of Minnesota Golden Gophers batting - Pitching for Mississippi State University Bulldogs : RHP Befikadu Mthuthuzeli
|
|
Pitching: RHP Befikadu Mthuthuzeli
|
|
|
Batting: LHB Alex Villa
|
0-0: Ball 1-0: Ball 2-0: Foul Ball, location: 2F 2-1: Called Strike 2-2: Foul Ball, location: 2F 2-2: Strikes out swinging
|
|
Batting: RHB Jarrod Strickhouser
|
0-0: Called Strike 0-1: Foul Ball, location: 2F 0-2: Strikes out swinging
|
|
Batting: RHB Ozzie Buendia
|
0-0: Ball 1-0: Called Strike 1-1: Called Strike 1-2: Ball 2-2: Fly out, F6 (Line Drive, 6, EV 63.1 MPH)
|
| Top of the 1st over - 0 runs, 0 hits, 0 errors, 0 left on base; University of Minnesota 0 - Mississippi State University 0 |
| BOTTOM OF THE 1ST |
|
Mississippi State University Bulldogs batting - Pitching for University of Minnesota Golden Gophers : RHP Cameron Williams
|
|
Pitching: RHP Cameron Williams
|
|
|
Batting: RHB Alexis Gallegos
|
0-0: Fly out, F5 (Line Drive, 5, EV 70.6 MPH)
|
|
Batting: RHB Alvin Abarca
|
0-0: Ball 1-0: Ball 2-0: Called Strike 2-1: Ball 3-1: Foul Ball, location: 2F 3-2: SINGLE (Flyball, 6MD, EV 88.8 MPH)
|
|
Batting: LHB Danny Shanahan
|
0-0: Ball 1-0: Ball 2-0: Ball 3-0: Called Strike 3-1: Called Strike 3-2: Fly out, F8 (Flyball, 89D, EV 89.4 MPH)
|
|
Batting: RHB Josh Stene
|
0-0: Called Strike 0-1: Called Strike 0-2: Strikes out looking
|
| Bottom of the 1st over - 0 runs, 1 hit, 0 errors, 1 left on base; University of Minnesota 0 - Mississippi State University 0 |
| TOP OF THE 2ND |
|
University of Minnesota Golden Gophers batting - Pitching for Mississippi State University Bulldogs : RHP Befikadu Mthuthuzeli
|
|
Batting: RHB Farakiko Haunani
|
0-0: Ball 1-0: Swinging Strike 1-1: Swinging Strike 1-2: Ground out 6-3 (Groundball, 6M, EV 91.9 MPH)
|
|
Batting: LHB Dick Shafer
|
0-0: Ball 1-0: Ground out 5-3 (Groundball, 5, EV 79.4 MPH)
|
|
Batting: LHB Josh Rini
|
0-0: Ball 1-0: Foul Ball, location: 2F 1-1: Foul Ball, location: 2F 1-2: Ball 2-2: Ball 3-2: Strikes out swinging
|
| Top of the 2nd over - 0 runs, 0 hits, 0 errors, 0 left on base; University of Minnesota 0 - Mississippi State University 0 |
| BOTTOM OF THE 2ND |
|
Mississippi State University Bulldogs batting - Pitching for University of Minnesota Golden Gophers : RHP Cameron Williams
|
|
Batting: LHB Vinnie Kalman
|
0-0: Ball 1-0: Ground out 4-3 (Groundball, 4, EV 84.4 MPH)
|
|
Batting: LHB Ricardo Ramos
|
0-0: Called Strike 0-1: Fly out, F7 (Line Drive, 7, EV 98.8 MPH)
|
|
Batting: RHB Oscar Vargas
|
0-0: Called Strike 0-1: SOLO HOME RUN (Flyball, 7LD, EV 95.6 MPH), Distance : 351 ft
|
|
Batting: RHB Bill Petipas
|
0-0: Foul Ball, location: 2F 0-1: Called Strike 0-2: Strikes out swinging
|
| Bottom of the 2nd over - 1 run, 1 hit, 0 errors, 0 left on base; University of Minnesota 0 - Mississippi State University 1 |
| TOP OF THE 3RD |
|
University of Minnesota Golden Gophers batting - Pitching for Mississippi State University Bulldogs : RHP Befikadu Mthuthuzeli
|
|
Batting: RHB Kevin Harris
|
0-0: Called Strike 0-1: Called Strike 0-2: Ball 1-2: Ball 2-2: DOUBLE (Flyball, 8RD, EV 99.4 MPH)
|
|
Batting: RHB Devon Healy
|
0-0: Swinging Strike 0-1: Ground out 6-3 (Groundball, 6, EV 103.1 MPH)
|
|
Batting: RHB Domingas Saragoa
|
0-0: Called Strike 0-1: Ball 1-1: Called Strike 1-2: Ball 2-2: Ball 3-2: Base on Balls
|
|
Batting: LHB Alex Villa
|
0-0: Foul Ball, location: 2F 0-1: Ball 1-1: Foul Ball, location: 2F 1-2: Ball 2-2: Ball 3-2: Strikes out swinging
|
|
Batting: RHB Jarrod Strickhouser
|
0-0: Called Strike 0-1: Ball 1-1: Called Strike 1-2: Strikes out swinging
|
| Top of the 3rd over - 0 runs, 1 hit, 0 errors, 2 left on base; University of Minnesota 0 - Mississippi State University 1 |
| BOTTOM OF THE 3RD |
|
Mississippi State University Bulldogs batting - Pitching for University of Minnesota Golden Gophers : RHP Cameron Williams
|
|
Batting: RHB Josh Simmons
|
0-0: Called Strike 0-1: Ball 1-1: Swinging Strike 1-2: Ball 2-2: Ball 3-2: Strikes out looking
|
|
Batting: RHB Alexis Gallegos
|
0-0: Fly out, F7 (Flyball, 7D, EV 99.4 MPH)
|
|
Batting: RHB Alvin Abarca
|
0-0: Ball 1-0: Swinging Strike 1-1: Ball 2-1: Ball 3-1: Swinging Strike 3-2: Base on Balls
|
|
Batting: LHB Danny Shanahan
|
0-0: Ball 1-0: Ground out 4-3 (Groundball, 4D, EV 102.5 MPH)
|
| Bottom of the 3rd over - 0 runs, 0 hits, 0 errors, 1 left on base; University of Minnesota 0 - Mississippi State University 1 |
| TOP OF THE 4TH |
|
University of Minnesota Golden Gophers batting - Pitching for Mississippi State University Bulldogs : RHP Befikadu Mthuthuzeli
|
|
Batting: RHB Ozzie Buendia
|
0-0: Called Strike 0-1: Ground out 6-3 (Groundball, 6, EV 91.9 MPH)
|
|
Batting: RHB Farakiko Haunani
|
0-0: Ground out 5-3 (Groundball, 56, EV 86.2 MPH)
|
|
Batting: LHB Dick Shafer
|
0-0: Ball 1-0: Swinging Strike 1-1: Ball 2-1: Foul Ball, location: 2F 2-2: Ball 3-2: Foul Ball, location: 2F 3-2: Strikes out swinging
|
| Top of the 4th over - 0 runs, 0 hits, 0 errors, 0 left on base; University of Minnesota 0 - Mississippi State University 1 |
| BOTTOM OF THE 4TH |
|
Mississippi State University Bulldogs batting - Pitching for University of Minnesota Golden Gophers : RHP Cameron Williams
|
|
Batting: RHB Josh Stene
|
0-0: SINGLE (Groundball, 4MD, EV 101.9 MPH)
|
|
Batting: LHB Vinnie Kalman
|
0-0: Ball 1-0: Ball 2-0: Ball 3-0: Called Strike 3-1: Called Strike 3-2: Foul Ball, location: 2F 3-2: Strikes out swinging
|
|
Batting: LHB Ricardo Ramos
|
0-0: Ball 1-0: Foul Ball, location: 2F 1-1: Ball 2-1: Reached on error, E4 (Groundball, 4S, EV 87.5 MPH) Josh Stene to second
|
|
Batting: RHB Oscar Vargas
|
0-0: Foul Ball, location: 2F 0-1: Fielders Choice at 2nd, 1-6 (Groundball, 13S, EV 70.6 MPH) Josh Stene to third
|
|
Batting: RHB Bill Petipas
|
0-0: Ball 1-0: Ball 2-0: Ball 3-0: Called Strike 3-1: Base on Balls Oscar Vargas to second
|
|
Batting: RHB Josh Simmons
|
0-0: Fly out, F2 (Popup, 3SF, EV 70.0 MPH)
|
| Bottom of the 4th over - 0 runs, 1 hit, 1 error, 3 left on base; University of Minnesota 0 - Mississippi State University 1 |
| TOP OF THE 5TH |
|
University of Minnesota Golden Gophers batting - Pitching for Mississippi State University Bulldogs : RHP Befikadu Mthuthuzeli
|
|
Batting: LHB Josh Rini
|
0-0: Foul Ball, location: 2F 0-1: Foul Ball, location: 2F 0-2: Foul Ball, location: 2F 0-2: Ball 1-2: Strikes out looking
|
|
Batting: RHB Kevin Harris
|
0-0: Ball 1-0: Ball 2-0: Ball 3-0: Called Strike 3-1: Base on Balls
|
|
Batting: RHB Devon Healy
|
0-0: Called Strike 0-1: Ball 1-1: Ball 2-1: Foul Ball, location: 2F 2-2: Strikes out looking
|
|
Batting: RHB Domingas Saragoa
|
0-0: Called Strike 0-1: Fly out, F7 (Flyball, 7S, EV 93.1 MPH)
|
| Top of the 5th over - 0 runs, 0 hits, 0 errors, 1 left on base; University of Minnesota 0 - Mississippi State University 1 |
| BOTTOM OF THE 5TH |
|
Mississippi State University Bulldogs batting - Pitching for University of Minnesota Golden Gophers : RHP Cameron Williams
|
|
Batting: RHB Alexis Gallegos
|
0-0: Foul Ball, location: 2F 0-1: Foul Ball, location: 2F 0-2: Fly out, F9 (Flyball, 9, EV 82.5 MPH)
|
|
Batting: RHB Alvin Abarca
|
0-0: Ground out 6-3 (Groundball, 6, EV 92.5 MPH)
|
|
Batting: LHB Danny Shanahan
|
0-0: Ball 1-0: Fly out, F9 (Line Drive, 89M, EV 104.4 MPH)
|
| Bottom of the 5th over - 0 runs, 0 hits, 0 errors, 0 left on base; University of Minnesota 0 - Mississippi State University 1 |
| TOP OF THE 6TH |
|
University of Minnesota Golden Gophers batting - Pitching for Mississippi State University Bulldogs : RHP Befikadu Mthuthuzeli
|
|
Batting: LHB Alex Villa
|
0-0: Called Strike 0-1: Ball 1-1: Ball 2-1: Foul Ball, location: 2F 2-2: Strikes out swinging
|
|
Batting: RHB Jarrod Strickhouser
|
0-0: Called Strike 0-1: Foul Ball, location: 2F 0-2: Ball 1-2: Strikes out swinging
|
|
Batting: RHB Ozzie Buendia
|
0-0: Swinging Strike 0-1: Ball 1-1: Ground out 5-3 (Groundball, 56S, EV 80.6 MPH)
|
| Top of the 6th over - 0 runs, 0 hits, 0 errors, 0 left on base; University of Minnesota 0 - Mississippi State University 1 |
| BOTTOM OF THE 6TH |
|
Mississippi State University Bulldogs batting - Pitching for University of Minnesota Golden Gophers : RHP Cameron Williams
|
|
Batting: RHB Josh Stene
|
0-0: Ball 1-0: Called Strike 1-1: Ball 2-1: Reached on error, E4 (Groundball, 4, EV 76.2 MPH)
|
|
Batting: LHB Vinnie Kalman
|
0-0: Foul Ball, location: 2F 0-1: Swinging Strike 0-2: Ball 1-2: Strikes out looking
|
|
Batting: LHB Ricardo Ramos
|
0-0: Fly out, F7 (Line Drive, 7, EV 89.4 MPH)
|
|
Pitching: RHP Bobby Rodriguez
|
|
|
Batting: RHB Oscar Vargas
|
0-0: Called Strike 0-1: Swinging Strike 0-2: Ground out 4-3 (Groundball, 4S, EV 81.2 MPH)
|
| Bottom of the 6th over - 0 runs, 0 hits, 1 error, 1 left on base; University of Minnesota 0 - Mississippi State University 1 |
| TOP OF THE 7TH |
|
University of Minnesota Golden Gophers batting - Pitching for Mississippi State University Bulldogs : RHP Befikadu Mthuthuzeli
|
|
Pinch Hitting: LHB Ivan Villegas
|
0-0: Called Strike 0-1: Called Strike 0-2: Ball 1-2: Ball 2-2: Ball 3-2: Fly out, F8 (Line Drive, 8RM, EV 101.9 MPH)
|
|
Pinch Hitting: RHB Mike Satterfield
|
0-0: Ball 1-0: Ball 2-0: Ball 3-0: Base on Balls
|
|
Batting: LHB Jose Moncada
|
0-0: Swinging Strike 0-1: 2-RUN HOME RUN (Flyball, 9LD, EV 97.5 MPH), Distance : 352 ft
|
|
Batting: RHB Kevin Harris
|
0-0: Foul Ball, location: 2F 0-1: Called Strike 0-2: Ball 1-2: Strikes out swinging
|
|
Pitching: LHP Benjamin Alderdice
|
|
|
Batting: RHB Devon Healy
|
0-0: Ground out 4-3 (Groundball, 4, EV 103.1 MPH)
|
| Top of the 7th over - 2 runs, 1 hit, 0 errors, 0 left on base; University of Minnesota 2 - Mississippi State University 1 |
| BOTTOM OF THE 7TH |
|
Mississippi State University Bulldogs batting - Pitching for University of Minnesota Golden Gophers : RHP Bobby Rodriguez
|
|
Now at SS: Ned Scovell
|
|
|
Now in LF: Alex Villa
|
|
|
Now in RF: RĂºbem Trancoso
|
|
|
Batting: RHB Bill Petipas
|
0-0: Ball 1-0: Called Strike 1-1: Foul Ball, location: 2F 1-2: Ball 2-2: Strikes out swinging
|
|
Batting: RHB Josh Simmons
|
0-0: Swinging Strike 0-1: Fly out, F8 (Flyball, 8RD, EV 91.9 MPH)
|
|
Batting: RHB Alexis Gallegos
|
0-0: Ball 1-0: Swinging Strike 1-1: Ball 2-1: Foul Ball, location: 2F 2-2: Fly out, F7 (Flyball, 7D, EV 83.8 MPH)
|
| Bottom of the 7th over - 0 runs, 0 hits, 0 errors, 0 left on base; University of Minnesota 2 - Mississippi State University 1 |
| TOP OF THE 8TH |
|
University of Minnesota Golden Gophers batting - Pitching for Mississippi State University Bulldogs : LHP Benjamin Alderdice
|
|
Batting: RHB Domingas Saragoa
|
0-0: Ground out 6-3 (Groundball, 6, EV 80.6 MPH)
|
|
Batting: LHB Alex Villa
|
0-0: Ball 1-0: Ground out 6-3 (Groundball, 56, EV 110.6 MPH)
|
|
Batting: RHB Jarrod Strickhouser
|
0-0: Called Strike 0-1: Ball 1-1: Ball 2-1: Ball 3-1: Base on Balls
|
|
Batting: RHB Ozzie Buendia
|
Pickoff Throw to First - Out! 1-3
|
| Top of the 8th over - 0 runs, 0 hits, 0 errors, 0 left on base; University of Minnesota 2 - Mississippi State University 1 |
| BOTTOM OF THE 8TH |
|
Mississippi State University Bulldogs batting - Pitching for University of Minnesota Golden Gophers : RHP Bobby Rodriguez
|
|
Pitching: RHP Eppe de Jong
|
|
|
Now in CF: Chris Rodgers
|
|
|
Batting: RHB Alvin Abarca
|
0-0: Called Strike 0-1: Ball 1-1: Foul Ball, location: 2F 1-2: Ball 2-2: Hit by Pitch
|
|
Batting: LHB Danny Shanahan
|
0-0: Swinging Strike 0-1: Ball 1-1: Fly out, F9 (Flyball, 89M, EV 80.0 MPH)
|
|
Batting: RHB Josh Stene
|
0-0: Ball 1-0: Ball 2-0: Foul Ball, location: 2F 2-1: Fielders Choice at 2nd, 6-4 (Groundball, 6, EV 83.8 MPH)
|
|
Pitching: RHP Jason Jacobs
|
|
|
Batting: LHB Vinnie Kalman
|
0-0: Ground out 4-3 (Groundball, 4, EV 83.1 MPH)
|
| Bottom of the 8th over - 0 runs, 0 hits, 0 errors, 1 left on base; University of Minnesota 2 - Mississippi State University 1 |
| TOP OF THE 9TH |
|
University of Minnesota Golden Gophers batting - Pitching for Mississippi State University Bulldogs : LHP Benjamin Alderdice
|
|
Batting: RHB Ozzie Buendia
|
0-0: Ball 1-0: Ball 2-0: Ground out 5-3 (Groundball, 5L, EV 80.0 MPH)
|
|
Batting: RHB Ned Scovell
|
0-0: Called Strike 0-1: Fly out, F8 (Flyball, 8LS, EV 84.4 MPH)
|
|
Pinch Hitting: RHB Scott Rose
|
0-0: Ball 1-0: Fly out, F9 (Line Drive, 9, EV 90.0 MPH)
|
| Top of the 9th over - 0 runs, 0 hits, 0 errors, 0 left on base; University of Minnesota 2 - Mississippi State University 1 |
| BOTTOM OF THE 9TH |
|
Mississippi State University Bulldogs batting - Pitching for University of Minnesota Golden Gophers : RHP Jason Jacobs
|
|
Pitching: RHP Adam Wickwire
|
|
|
Now in RF: Roy Evenden
|
|
|
Pinch Hitting: RHB Ricky Mendoza
|
0-0: Ball 1-0: Ground out 6-3 (Groundball, 6, EV 91.9 MPH)
|
|
Batting: RHB Oscar Vargas
|
0-0: Called Strike 0-1: Ball 1-1: Ground out 4-3 (Groundball, 4, EV 89.4 MPH)
|
|
Batting: RHB Bill Petipas
|
0-0: Swinging Strike 0-1: Ball 1-1: Foul Ball, location: 2F 1-2: Ball 2-2: Foul Ball, location: 2F 2-2: Foul Ball, location: 2F 2-2: Ball 3-2: Ground out 4-3 (Groundball, 34D, EV 100.0 MPH)
|
| Bottom of the 9th over - 0 runs, 0 hits, 0 errors, 0 left on base; University of Minnesota 2 - Mississippi State University 1 |
|